Map: Frost LE

Players

SortOf - Winner!

  • Race: Zerg Zerg

Toodming

  • Race: Zerg Zerg

Event: 2016 WCS Summer Circuit Championship (DH Montreal)

VOD

Have the link to the VOD?

Description

Time

  • Played on: Aug. 12, 2016, 4:39 p.m.
  • Length: 15:59

All games in this series

Show
View Real Time Build Order
Export as new Build Order

SortOf Zerg - Winner!

Build Orders: Hatch First 

Get SALT Encoding   

  12  0:00  Drone  
  13  0:12  Overlord  
  13  0:17  Drone  
  14  0:30  Drone  
  14  0:31  Drone  
  14  0:34  Drone  
  17  0:52  Hatchery  
  17  0:55  Drone  
  17  0:59  Drone  
  18  1:06  Drone  
  19  1:17  Spawning Pool  
  18  1:19  Drone  
  18  1:21  Extractor  
  18  1:28  Drone  
  19  1:39  Overlord  
  19  1:49  Drone  
  20  2:04  Queen  
  20  2:05  Queen, Zergling x4  
  26  2:11  Drone  
  27  2:15  Drone  
  29  2:22  Drone  
  29  2:28  Evolution Chamber, Drone  
  29  2:42  Queen  
  29  2:44  Overlord, Lair  
  31  2:46  Drone  
  31  2:47  Drone  
  31  2:49  Drone  
  34  2:54  Drone  
  35  3:04  Drone  
  35  3:05  Roach Warren  
  34  3:06  Drone  
  34  3:10  Drone  
  36  3:14  Zerg Missile Weapons Level 1  
  36  3:15  Drone  
  36  3:17  Drone  
  38  3:24  Drone  
  38  3:27  Spine Crawler  
  37  3:28  Drone x3  
  37  3:31  Drone  
  41  3:36  Evolution Chamber  
  40  3:43  Drone  
  40  3:45  Extractor  
  40  3:47  Extractor  
  40  3:48  Overlord, Roach  
  41  3:49  Drone x2  
  43  3:58  Drone  
  44  4:04  Overlord  
  44  4:05  Glial Reconstitution  
  44  4:07  Drone x5  
  49  4:11  Overlord  
  49  4:17  Roach  
  49  4:19  Drone  
  49  4:23  Overseer  
  52  4:26  Roach x2  
  52  4:27  Roach  
  52  4:30  Roach  
  60  4:34  Roach  
  60  4:38  Roach  
  64  4:40  Roach  
  64  4:44  Overlord, Roach  
  68  4:46  Overlord  
  68  4:58  Overlord  
  68  5:03  Roach x4  
  76  5:11  Hatchery  
  76  5:13  Roach  
  77  5:16  Extractor, Drone x2  
  77  5:18  Drone  
  79  5:30  Drone  
  79  5:32  Drone x2  
  82  5:36  Spire  
  82  5:40  Roach x2  
  85  5:43  Roach x3  
  85  5:53  Roach x3  
  89  6:01  Roach  
  91  6:05  Drone  
  91  6:09  Overlord  
  92  6:20  Overlord  
  92  6:27  Overlord  
  92  6:34  Overlord  
  92  6:44  Overlord, Queen  
  92  6:46  Drone x3  
  97  6:48  Mutalisk x6  
  109  6:58  Mutalisk  
  109  7:00  Drone x4  
  115  7:02  Overlord  
  115  7:05  Drone x2  
  115  7:06  Drone  
  115  7:07  Extractor  
  117  7:08  Extractor  
  117  7:11  Mutalisk  
  117  7:13  Overlord  
  117  7:14  Drone  
  119  7:16  Mutalisk, Overlord  
  119  7:19  Drone  
  122  7:29  Mutalisk  
  124  7:31  Overlord  
  124  7:33  Drone x2  
  126  7:44  Mutalisk  
  126  7:45  Mutalisk x2  
  132  7:53  Mutalisk  
  134  7:59  Drone x8  
  142  8:08  Mutalisk x2  
  142  8:11  Overlord  
  146  8:13  Hatchery  
  146  8:15  Mutalisk x2  
  146  8:17  Overlord  
  149  8:23  Overlord  
  149  8:32  Mutalisk x2  
  153  8:34  Overlord  
  153  8:36  Drone  
  153  8:38  Drone x2  
  156  8:45  Mutalisk  
  156  8:46  Mutalisk  
  156  8:47  Overlord  
  160  8:53  Zerg Flyer Armor Level 1  
  160  8:58  Extractor x2, Overlord  
  160  9:01  Overlord x3, Spore Crawler  
  157  9:02  Mutalisk  
  157  9:03  Mutalisk  
  157  9:05  Drone  
  162  9:13  Mutalisk x2  
  162  9:16  Zergling x2  
  167  9:17  Zergling x2  
  167  9:18  Overlord  
  167  9:23  Mutalisk  
  170  9:28  Drone x3, Spore Crawler  
  170  9:31  Spine Crawler  
  171  9:34  Mutalisk x2, Spine Crawler  
  171  9:36  Overlord  
  174  9:42  Mutalisk x2  
  178  9:49  Mutalisk x2  
  178  9:51  Overlord  
  182  9:59  Drone x2  
  182  10:00  Mutalisk x2, Spore Crawler  
  185  10:09  Mutalisk x2, Spore Crawler  
  185  10:13  Mutalisk  
  190  10:16  Overlord  
  190  10:25  Mutalisk x2  
  194  10:30  Mutalisk  
  194  10:32  Overlord  
  196  10:38  Mutalisk x2  
  200  10:50  Zerg Flyer Armor Level 2  
  200  10:53  Metabolic Boost  
  198  10:58  Mutalisk  
  192  11:06  Mutalisk x2  
  192  11:09  Mutalisk  
  192  11:22  Hatchery  
  189  11:27  Mutalisk x3  
  179  11:33  Mutalisk x2, Hatchery  
  179  11:37  Zergling x16  
  179  11:38  Zergling x18  
  178  11:47  Queen  
  178  11:52  Mutalisk  
  178  11:53  Pneumatized Carapace  
  178  11:56  Mutalisk  
  178  11:57  Mutalisk  
  178  12:00  Zergling x14  
  184  12:09  Mutalisk x2  
  186  12:26  Mutalisk x4  
  192  12:37  Zergling x4  
  194  12:46  Zerg Ground Armor Level 1, Zerg Melee Weapons Level 1  
  194  12:48  Infestation Pit  
  193  13:04  Drone x2  
  183  13:21  Mutalisk x9  
  197  13:30  Spore Crawler  
  197  13:31  Spine Crawler  
  195  13:37  Hive  
  195  13:39  Mutalisk x2  
  199  13:53  Extractor  
  198  14:03  Zerg Flyer Weapons Level 1, Spore Crawler x3  
  198  14:04  Infestor x2  
  199  14:14  Overseer x2  
  199  14:15  Overseer  
  199  14:22  Spore Crawler  
  199  14:24  Spine Crawler  
  197  14:27  Spore Crawler  
  195  14:32  Drone x3  
  198  14:44  Mutalisk x2  
  197  15:04  Mutalisk x4  
  198  15:11  Ultralisk Cavern  
  198  15:13  Mutalisk  
  189  15:16  Zergling x16  
  199  15:34  Mutalisk x4  
Show
View Real Time Build Order
Export as new Build Order

Toodming Zerg 

Build Orders: Hatch First 

Get SALT Encoding   

  12  0:00  Drone  
  13  0:12  Overlord  
  13  0:16  Drone  
  14  0:30  Drone x2  
  14  0:35  Drone  
  17  0:54  Hatchery  
  17  0:56  Drone  
  17  1:00  Drone  
  18  1:12  Extractor  
  18  1:16  Spawning Pool  
  16  1:19  Drone  
  16  1:22  Drone  
  18  1:28  Drone  
  19  1:39  Overlord  
  19  2:01  Drone  
  19  2:02  Drone  
  19  2:03  Queen  
  19  2:05  Queen  
  19  2:06  Drone  
  26  2:13  Metabolic Boost  
  26  2:17  Drone  
  26  2:21  Drone  
  28  2:24  Drone  
  29  2:32  Drone x2  
  31  2:46  Hatchery  
  31  2:50  Overlord  
  30  2:55  Zergling x2  
  30  2:56  Zergling x2  
  32  3:02  Zergling x4  
  34  3:10  Zergling x4  
  34  3:11  Zergling x4  
  34  3:12  Zergling x2  
  39  3:18  Zergling x2  
  40  3:24  Drone x3  
  43  3:30  Roach Warren  
  43  3:33  Overlord  
  42  3:38  Overlord  
  42  3:43  Drone x2  
  43  3:57  Drone x6  
  43  4:00  Drone  
  50  4:03  Drone  
  50  4:04  Drone  
  52  4:12  Extractor  
  52  4:14  Extractor, Queen  
  52  4:19  Evolution Chamber  
  52  4:22  Drone x2  
  52  4:23  Drone x2  
  56  4:25  Drone x2  
  56  4:26  Overlord  
  56  4:28  Overlord  
  58  4:41  Evolution Chamber  
  58  4:44  Roach x3  
  58  4:45  Lair  
  63  4:46  Roach  
  63  4:50  Spine Crawler  
  63  4:51  Roach  
  66  4:56  Roach  
  68  5:04  Roach x3  
  68  5:06  Roach  
  76  5:07  Zerg Missile Weapons Level 1  
  76  5:11  Overlord  
  76  5:18  Roach x2  
  80  5:22  Overlord  
  80  5:23  Overlord  
  80  5:28  Roach  
  81  5:30  Roach  
  81  5:33  Overlord  
  81  5:34  Overlord  
  83  5:40  Roach  
  87  5:42  Roach  
  87  5:45  Roach x2  
  87  5:48  Roach  
  89  5:50  Roach  
  89  5:53  Roach  
  89  5:55  Roach  
  94  6:03  Overseer  
  94  6:06  Drone  
  94  6:08  Spire  
  94  6:09  Drone x2  
  94  6:10  Drone  
  96  6:12  Drone  
  96  6:15  Extractor  
  97  6:18  Drone  
  97  6:24  Drone x3  
  97  6:25  Drone x2  
  102  6:35  Drone x6  
  102  6:37  Drone x2  
  110  6:43  Overlord  
  110  6:44  Overlord  
  110  6:50  Overlord x2  
  110  6:59  Drone x4, Extractor  
  110  7:00  Extractor  
  110  7:01  Drone  
  113  7:05  Drone x2  
  114  7:18  Spore Crawler  
  114  7:20  Drone  
  114  7:22  Mutalisk x2  
  114  7:23  Mutalisk x3, Zerg Flyer Armor Level 1  
  114  7:24  Mutalisk  
  114  7:28  Mutalisk  
  126  7:40  Mutalisk  
  125  7:44  Mutalisk  
  125  7:45  Queen  
  125  7:46  Queen  
  129  7:53  Glial Reconstitution  
  129  7:56  Drone  
  129  7:57  Drone x4  
  129  7:58  Drone  
  133  8:00  Mutalisk  
  133  8:02  Mutalisk  
  128  8:14  Mutalisk  
  128  8:15  Mutalisk  
  132  8:21  Queen  
  132  8:22  Queen  
  136  8:27  Mutalisk x2  
  136  8:30  Overlord x3  
  139  8:38  Overlord x2  
  139  8:43  Overlord x2  
  139  8:52  Mutalisk x2  
  139  8:53  Mutalisk x2  
  147  8:59  Zergling x26  
  160  9:05  Mutalisk  
  160  9:17  Zerg Flyer Weapons Level 1  
  160  9:19  Mutalisk x2  
  160  9:21  Drone x2, Overlord  
  166  9:27  Mutalisk  
  168  9:36  Hatchery  
  167  9:39  Mutalisk x2  
  167  9:42  Overlord  
  171  9:47  Mutalisk x2  
  174  9:58  Mutalisk  
  176  10:00  Overlord x2  
  176  10:04  Mutalisk  
  176  10:06  Mutalisk  
  180  10:12  Drone x3  
  180  10:13  Drone x3  
  186  10:15  Mutalisk  
  188  10:27  Extractor  
  186  10:29  Extractor  
  186  10:31  Mutalisk  
  186  10:32  Mutalisk x2  
  191  10:38  Mutalisk  
  191  10:42  Hatchery  
  191  10:54  Mutalisk  
  191  10:55  Mutalisk x2  
  174  11:06  Mutalisk x2  
  174  11:10  Mutalisk  
  178  11:12  Zergling x2  
  178  11:13  Zergling x28  
  191  11:22  Mutalisk x2  
  185  11:29  Mutalisk  
  185  11:30  Queen x2  
  185  11:31  Mutalisk  
  186  11:33  Zergling x4  
  186  11:39  Mutalisk  
  176  11:44  Drone x3  
  170  11:50  Mutalisk  
  170  11:51  Mutalisk  
  169  11:57  Mutalisk  
  169  11:59  Zergling x8  
  172  12:04  Queen  
  172  12:06  Queen x2  
  168  12:12  Mutalisk, Drone x3, Extractor  
  168  12:13  Spore Crawler x2  
  167  12:26  Mutalisk x2  
  167  12:27  Mutalisk  
  168  12:35  Mutalisk x2  
  166  12:44  Mutalisk x2  
  170  12:53  Mutalisk x2  
  174  13:07  Zerg Flyer Armor Level 2  
  164  13:22  Mutalisk  
  164  13:23  Mutalisk  
  164  13:31  Extractor  
  164  13:32  Mutalisk  
  165  13:34  Zergling x2  
  165  13:35  Zergling x32  
  165  13:38  Mutalisk  
  184  13:45  Mutalisk  
  186  13:51  Mutalisk  
  188  13:58  Mutalisk  
  190  14:08  Mutalisk  
  192  14:16  Mutalisk  
  194  14:19  Hatchery  
  194  14:23  Zergling x4  
  194  14:24  Mutalisk, Zergling x2  
  196  14:26  Drone  
  199  14:45  Mutalisk x3  
  194  14:59  Mutalisk x2  
  191  15:04  Drone x3  
  186  15:09  Mutalisk  
  186  15:13  Zergling x2  
  186  15:14  Zergling x6  
  188  15:17  Mutalisk  
Tags
 
Add a new tag
Caveats
  • Supply blocks, unpowered buildings, or Contaminate may cause inaccurate times.
  • Supply counts are checked every 10 seconds.